cohdb
Replays
Latest Replays
All Replays
Popular Replays
Top Player Replays
Match Explorer
How It Works
Community
CoH3 Stats
Reddit
Sign in to upload your games and track your stats! →
Sign in with Steam
Match 42776108
Unlisted
Match 42776108
Overview
Messages
Build Orders
End
Construct Section Command Post
Selects Canadian Shock Battlegroup
Dingo Light Scout Car
Infantry Section
Construct Platoon Command Post
Selects Attacking Spirit
Selects Canadian Shock Section
Canadian Shock Section
Canadian Shock Section
6-pounder Anti-tank Gun Team
Construct Field Infirmary
Selects Incendiary Munitions
Selects Pyrotechnics
Construct Company Command Post
Crusader II Medium Tank
Crusader II Medium Tank
Selects Churchill Crocodile Heavy Tank
Churchill Crocodile Heavy Tank
Crusader II Medium Tank
Matilda II Heavy Tank
Selects Smoke Operation
Smoke Operation
Unlock Towed 17-pounder Anti-tank Guns
17-pounder Anti-tank Gun Team
Matilda II Heavy Tank
Smoke Operation
kerem
ShadowStorm
⚅ luke
Hanzz
sas1919
Blazing_1
rekt?
[Phoenix]
0
0
Comments
sign in to comment!
No comments posted yet!